 Dungeon Crawl Stone Soup version 0.30-a0-718-geaa24f58ff (webtiles) character file.

Game seed: 16076726393585583555

7 ASSMAN the Grave Robber (level 1, 0/13 HPs)
             Began as a Demonspawn Necromancer on Jan 25, 2023.
             Slain by a quokka (2 damage)
             ... on level 1 of the Dungeon.
             The game lasted 00:00:35 (194 turns).

ASSMAN the Grave Robber (Demonspawn Necromancer)     Turns: 194, Time: 00:00:36

Health: 0/13       AC:  2    Str:  8    XL:     1   Next: 91%
Magic:  0/3        EV: 12    Int: 16    God:
Gold:   0          SH:  0    Dex: 13    Spells: 3/4 levels left

rFire   . . .      SeeInvis .    (no weapon)
rCold   . . .      Faith    .    (no shield)
rNeg    + . .      Spirit   .    a - +0 robe
rPois   .          Reflect  .    (no helmet)
rElec   .          Harm     .    (no cloak)
rCorr   .          Rampage  .    (no gloves)
Will    .....                    (no boots)
Stlth   ++                       (no amulet)
HPRegen 0.22/turn                c - ring of positive energy
MPRegen 0.08/turn                (no ring)

@: very slightly contaminated
A: no striking features
a: no special abilities


You were on level 1 of the Dungeon.
You visited 1 branch of the dungeon, and saw 1 of its levels.

Inventory:

Armour
 a - a +0 robe (worn)
Jewellery
 c - a ring of positive energy (left hand)
Potions
 b - a potion of magic
 d - a potion of curing {unknown}


   Skills:
 - Level 1.7 Dodging
 - Level 1.7 Stealth
 - Level 2.0 Spellcasting
 + Level 4.9 Necromancy


You had 3 spell levels left.
You knew the following spells:

 Your Spells              Type           Power      Damage    Failure   Level
a - Necrotise             Necr           68%        1d7       2%          1

Your spell library contained the following spells:

 Spells                   Type           Power      Damage    Failure   Level
 Vampiric Draining        Necr           17%        2d7       9%          3
 Animate Dead             Necr           17%        N/A       28%         4
 Agony                    Necr           17%        N/A       61%         5


Dungeon Overview and Level Annotations

Branches:
Dungeon (1/15)

Altars:


Message History

Press: ? - help, Q - select action Shift-Dir - straight line, f - goblin
Aim: a goblin, wielding a +0 club (chance to affect: 86%)
The goblin writhes in agony.
The goblin hits you with a +0 club.
Aiming: Necrotise (safe; 3% risk of failure)
Press: ? - help, Q - select action Shift-Dir - straight line, f/p - goblin
Aim: a goblin, wielding a +0 club (heavily wounded, chance to affect: 86%)
The goblin writhes in agony.
The goblin hits you with a +0 club.
Aiming: Necrotise (safe; 3% risk of failure)
Press: ? - help, Q - select action Shift-Dir - straight line, f/p - goblin
Aim: a goblin, wielding a +0 club (severely wounded, chance to affect: 86%)
You miscast Necrotise.
You are very lightly contaminated with residual magic.
Nothing appears to happen.
The goblin hits you with a +0 club.
An endoplasm comes into view.
You don't have enough magic to cast this spell.
Unknown command.
The endoplasm quivers.
You hit the goblin.
You kill the goblin!
You hit the quokka.
The quokka is moderately wounded.
The quokka closely misses you.
You barely miss the quokka.
The quokka is moderately wounded.
The quokka completely misses you.
You hit the quokka.
The quokka is heavily wounded.
The quokka bites you but does no damage.
You hit the quokka but do no damage.
The quokka is heavily wounded.
The quokka bites you.
* * * LOW HITPOINT WARNING * * *
The quokka closely misses you.
You hit the quokka.
The quokka is severely wounded.
The quokka bites you.
You die...

#.........#
#.).....#.#
#+#.....#.## .
..##+###..##+# ...
...
..####..#.####.....
..
.................$.?
.#.#######..##......
.........##J.....
#######..@r......
#.###...... #.#
..... #.# #### ..#
###


You could see an endoplasm and a quokka.

Vanquished Creatures
  A giant cockroach (D:1)
  2 goblins (D:1)
  A quokka (D:1)
  2 bats (D:1)
6 creatures vanquished.

Vanquished Creatures (collateral kills)
  A bat (D:1)
1 creature vanquished.

Grand Total: 7 creatures vanquished

Notes
Turn   | Place    | Note
-------+----------+-------------------------------------------
     0 | D:1      | ASSMAN the Demonspawn Necromancer began the quest for the
                  | Orb.
     0 | D:1      | Reached XP level 1. HP: 13/13 MP: 3/3
   194 | D:1      | Slain by a quokka

Illustrated notes

Levels and vault maps discovered:
D:1:      amcnicky_arrival_double_pillar, layout_basic, basic_ecumenical_altar,
          minmay_misc_feat_rugged, chequers_serial_rivers_large_b

Action                     || total
---------------------------++-------
  Melee: Unarmed           ||     6
   Cast: Necrotise         ||     9
 Armour: Robe              ||     2
  Dodge: Dodged            ||     5

Table legend: (Time is in decaauts)
 A = Elapsed time spent in this place.
 B = Non-inter-level travel time spent in this place.
 C = Inter-level travel time spent in this place.
 D = Time resting spent in this place.
 E = Time spent auto-exploring this place.
 F = Levels seen in this place.
 G = Mean time per level.
                   A        B        C        D        E       F      G
               +--------+--------+--------+--------+--------+-----+--------+
         Total |    193 |    193 |      0 |      0 |    149 |   1 |  193.0 |
       Dungeon |    193 |    193 |      0 |      0 |    149 |   1 |  193.0 |
               +--------+--------+--------+--------+--------+-----+--------+

Top non-repeatable levels by time:
     D:1: 193 daAuts
